 Dungeon Crawl Stone Soup version 0.28-a0-983-g1de4e0787c (webtiles) character file.

Game seed: 10425249522980709559

7 ragingrage the Sneak (level 2, 0/24 HPs)
             Began as a Merfolk Delver on Dec 2, 2021.
             Succumbed to an adder's poison
             ... on level 5 of the Dungeon.
             The game lasted 00:01:43 (950 turns).

ragingrage the Sneak (Merfolk Delver)                Turns: 950, Time: 00:01:44

Health: 0/24       AC:  3    Str: 12    XL:     2   Next: 0%
Magic:  2/2        EV: 12    Int:  9    God:
Gold:   47         SH:  0    Dex: 15    Spells: 1/1 levels left

rFire   . . .      SeeInvis .   a - +0 spear
rCold   . . .      Faith    .   (no shield)
rNeg    . . .      Spirit   .   b - +0 leather armour
rPois   .          Reflect  .   (no helmet)
rElec   .          Harm     .   (no cloak)
rCorr   .          Rampage  .   (no gloves)
Will    .....                   (no boots)
Stlth   +++.......              (no amulet)
HPRegen 0.08/turn               (no ring)
MPRegen 0.08/turn               (no ring)

@: lethally poisoned (0 -> -7)
A: (nimble swimmer 2), mertail
a: no special abilities


You were on level 5 of the Dungeon.
You visited 1 branch of the dungeon, and saw 4 of its levels.

You collected 47 gold pieces.

Inventory:

Hand Weapons
 a - a +0 spear (weapon)
Missiles
 h - a boomerang (quivered)
 o - a throwing net
Armour
 b - a +0 leather armour (worn)
Wands
 i - a wand of charming (15)
Scrolls
 c - a scroll of fog
 d - a scroll of magic mapping
 e - a scroll of fear
 l - a scroll of brand weapon {unknown}
 m - a scroll of teleportation {unknown}
 n - a scroll of immolation {unknown}
Potions
 f - a potion of haste
 j - a potion of heal wounds {unknown}
 k - a potion of invisibility {unknown}


   Skills:
 - Level 3.2 Fighting
 * Level 4.0 Polearms
 - Level 2.6 Dodging
 - Level 5.4 Stealth


You had one spell level left.
You didn't know any spells.
Your spell library contained the following spells:

 Spells                   Type           Power      Damage    Failure   Level
 Freezing Cloud           Conj/Ice/Air   0%         6-21      100%        5
 Simulacrum               Ice/Necr       0%         N/A       100%        6
 Polar Vortex             Ice            0%         N/A       100%        9


Dungeon Overview and Level Annotations

Branches:
Dungeon (7/15)
 Temple: D:4-7

Altars:
Sif Muna
The Shining One

Annotations:
D:4 Robin
D:6 Edmund


Innate Abilities, Weirdness & Mutations

((You are quick and stealthy near water. (Stealth+, EV+, Speed+++)))
Your lower body shifts to a powerful aquatic tail in water.


Message History

You see here 16 gold pieces.
A hobgoblin comes into view.
Robin roars a battlecry!
The hobgoblins go into a battle-frenzy!
You hear a shout!
The goblin barely misses you.
You hit the goblin.
You kill the goblin!
The hobgoblin misses you.
Your Polearms skill increases to level 4!
You have reached level 2!
You see here a +0 club.
A goblin comes into view. It is wielding a +0 club.
The goblin no longer looks unusually strong.
The hobgoblin no longer looks unusually strong.
An adder comes into view.
Found 12 bolts.
Found a stone staircase leading down.
The adder hisses angrily.
The adder barely misses you. The adder barely misses you.
The hobgoblin closely misses you.
There is a stone staircase leading down here.
The adder closely misses you.
You climb downwards.
There is a stone staircase leading up here.
You miss the adder. The adder closely misses you. The hobgoblin hits you.
The adder bites you but does no damage.
You hit the adder.
The adder is moderately wounded.
The hobgoblin hits you. The adder closely misses you.
You hit the adder.
The adder is severely wounded.
The hobgoblin hits you.
* * * LOW HITPOINT WARNING * * *
The adder bites you.
* * * LOW HITPOINT WARNING * * *
You are lethally poisoned!
The adder poisons you!
You hit the adder.
The adder is severely wounded.
You die...

.# .# .#
##. ...
#.#
#g#######
#@S......
#########


You could see an adder and a hobgoblin.

Vanquished Creatures
  2 orcs (D:5)
  A goblin (D:4)
  A quokka (D:5)
4 creatures vanquished.

Notes
Turn   | Place    | Note
-------+----------+-------------------------------------------
     0 | D:5      | ragingrage the Merfolk Delver began the quest for the Orb.
     0 | D:5      | Reached XP level 1. HP: 18/18 MP: 1/1
   340 | D:6      | Noticed an orc priest
   382 | D:6      | Found a shimmering blue altar of Sif Muna.
   389 | D:6      | Noticed Edmund
   418 | D:7      | Noticed an orc wizard
   539 | D:4      | Noticed Robin
   573 | D:5      | Noticed an ice beast
   594 | D:5      | Found a glowing golden altar of the Shining One.
   833 | D:5      | Noticed a water moccasin
   933 | D:4      | Reached XP level 2. HP: 13/24 MP: 2/2
   950 | D:5      | Succumbed to an adder's poison

Illustrated notes

Levels and vault maps discovered:
D:4:      layout_rooms, mainiacjoe_overflow_24_doors, marbit_many_paths,
          ebering_ghost_rock_garden, uniq_robin
D:5:      layout_rooms, nicolae_tso_carved_into_rock
D:6:      layout_loops_ring, lemuel_zombie_altar_yredelemnul,
          hangedman_ru_absence, mainiacjoe_overflow_tiny_flanked,
          kennysheep_mini_moat, kennysheep_boxes, uniq_eustachio,
          uniq_blork_the_orc, uniq_edmund
D:7:      layout_basic, minmay_temple_entry_overgrown

Skill      XL: |  1 |
---------------+----+-----
Polearms       | 4 |  4.0
Fighting       | |  3.2
Dodging        | |  2.6
Stealth        | |  5.4

Action                   || total
-------------------------++-------
Melee: Spear             ||    34
Evoke: Wand              ||     3
 Stab: Sleeping          ||     2
Armor: Leather armour    ||     3
Dodge: Dodged            ||    29

Table legend: (Time is in decaauts)
 A = Elapsed time spent in this place.
 B = Non-inter-level travel time spent in this place.
 C = Inter-level travel time spent in this place.
 D = Time resting spent in this place.
 E = Time spent auto-exploring this place.
 F = Levels seen in this place.
 G = Mean time per level.
                   A        B        C        D        E       F      G
               +--------+--------+--------+--------+--------+-----+--------+
         Total |    952 |    863 |     89 |    316 |    243 |   4 |  238.0 |
       Dungeon |    952 |    863 |     89 |    316 |    243 |   4 |  238.0 |
               +--------+--------+--------+--------+--------+-----+--------+

Top non-repeatable levels by time:
     D:5: 623 daAuts
     D:6: 224 daAuts
     D:4: 62 daAuts
     D:7: 41 daAuts
